 Dungeon Crawl Stone Soup version 0.16-a0-910-g739c61c (webtiles) character file.

4833 Kold the Cleaver (level 10, -15/93 HPs)
             Began as a Minotaur Fighter on Sept 29, 2014.
             Was a Follower of Ru.
             Hit by a large rock thrown by a stone giant (17 damage)
             ... on Level 9 of the Dungeon.
             The game lasted 00:23:00 (7489 turns).

Kold the Cleaver (Minotaur Fighter)                 Turns: 7489, Time: 00:23:01

HP -15/93        AC 11     Str 20      XL: 10   Next: 25%
MP   4/4         EV  9     Int  8      God: Ru [*.....]
Gold 828         SH  5     Dex 14      Spells:  0 memorised,  9 levels left

rFire  . . .     SeeInvis .     Q - +10 hand axe of Tartarus {chop, rF+ Int+3}
rCold  + . .     Clarity  .     b - +0 scale mail
rNeg   . . .     rCorr    .     O - +0 buckler
rPois  .         rRot     .     (helmet restricted)
rElec  +         Spirit   .     p - +0 cloak
SustAb +         Warding  .     M - +0 pair of gloves
rMut   .         Stasis   .     (no boots)
Gourm  .                        (no amulet)
MR     ++...                    A - cursed ring of ice
                                x - ring of sustain abilities

@: very resistant to hostile enchantments, extremely unstealthy
A: retaliatory headbutt, hooves 1, horns 2, thin skeletal structure 1, blurry
vision 1, deterioration 2, magic resistance 2, electricity resistance, weak 1,
placid magic 1, hated by all
a: Renounce Religion


You were on level 9 of the Dungeon.
You worshipped Ru.
Ru was aware of your devotion.
You were hungry.

You visited 2 branches of the dungeon, and saw 10 of its levels.
You also visited: Ossuary.

You collected 828 gold pieces.

Inventory:

Hand weapons
 a - a cursed +0 war axe
 s - a +0 blowgun
 y - a +2 hand axe of electrocution
 Q - the +10 hand axe of Tartarus (weapon) {chop, rF+ Int+3}
   (You found it on level 9 of the Dungeon)

   It inflicts extra damage upon your enemies.
   It affects your intelligence (+3).
   It protects you from fire.
Missiles
 l - 2 curare-tipped needles
Armour
 b - a +0 scale mail (worn)
 p - a +0 cloak (worn)
 F - a +1 plate armour
 M - a +0 pair of gloves (worn)
 O - a +0 buckler (worn)
Magical devices
 v - a wand of draining (1) {unknown}
 z - a wand of enslavement (15) {unknown}
 L - a wand of polymorph (17) {unknown}
 N - a wand of frost (18) {unknown}
 P - a wand of teleportation (6) {unknown}
 R - a wand of frost (11) {unknown}
Comestibles
 c - 6 royal jellies
 d - 4 bread rations
 f - 6 fruits
 i - 6 meat rations
 u - 5 beef jerkies
Scrolls
 g - 2 scrolls of amnesia
 j - 5 scrolls of enchant armour
 k - a scroll of fog {unknown}
 m - a scroll of identify
 q - 6 scrolls of teleportation
 r - 2 scrolls of noise
 w - 2 scrolls of magic mapping
 D - 2 scrolls of recharging {unknown}
 G - 2 scrolls of remove curse
 I - a scroll of enchant weapon {unknown}
 J - 2 scrolls of immolation {unknown}
Jewellery
 n - an uncursed ring of protection from magic
 x - a ring of sustain abilities (left hand)
 A - a cursed ring of ice (right hand)
Potions
 e - a potion of lignification
 h - a potion of porridge
 o - 2 potions of curing
 t - 6 potions of brilliance
 B - a potion of agility
 E - 2 potions of heal wounds
 S - a potion of might
Books
 C - a book of Frost

   Spells                             Type                      Level
   Freeze                             Ice                          1
   Throw Frost                        Conjuration/Ice              2
   Ozocubu's Armour                   Charms/Ice                   3
   Throw Icicle                       Conjuration/Ice              4
   Summon Ice Beast                   Ice/Summoning                4
   Condensation Shield                Ice                          4
 H - a book of Dreams

   Spells                             Type                      Level
   Ensorcelled Hibernation            Hexes/Ice                    2
   Flight                             Charms/Air                   3
   Phase Shift                        Translocation                5
   Shadow Creatures                   Summoning                    5
   Mass Confusion                     Hexes                        6
   Darkness                           Hexes                        7
 K - a book of Air

   Spells                             Type                      Level
   Shock                              Conjuration/Air              1
   Swiftness                          Charms/Air                   2
   Repel Missiles                     Charms/Air                   2
   Flight                             Charms/Air                   3
   Static Discharge                   Conjuration/Air              3
   Lightning Bolt                     Conjuration/Air              5


   Skills:
 + Level 10.2 Fighting
 - Level 12.1 Axes
 + Level 10.1 Armour
 - Level 3.7 Shields


You had 9 spell levels left.
You didn't know any spells.

Dungeon Overview and Level Annotations

Branches:
Dungeon (9/15)             Temple (1/1) D:5
    Orc: D:9-12        Lair: D:8-11

Altars:
Ashenzari
Cheibriados
Elyvilon
Fedhas
Gozag
Kikubaaqudgha
Makhleb
Nemelex Xobeh
Okawaru
Qazlal
Ru
Sif Muna
Trog
Vehumet
Xom
Yredelemnul
Zin
The Shining One


Innate Abilities, Weirdness & Mutations

You reflexively headbutt those who attack you in melee.
You have a pair of horns on your head.
You are hated by all.
You have large cloven feet.
You have a somewhat thin skeletal structure (Dex +2, Stealth).
Your vision is a little blurry.
Your body is deteriorating.
You are highly resistant to hostile enchantments.
You are resistant to electric shocks.
You are weak. (Str -2)
Your spells are a little easier to cast, but a little less powerful.


Message History

Your Armour skill increases to level 10!
Things that are here:
a giant club; a giant frog corpse You start resting.
A stone giant comes into view.
The stone giant throws a large rock.
The large rock hits you!!
* * * LOW HITPOINT WARNING * * *
You feel clumsy for a moment.
The stone giant throws a large rock.
The large rock hits you.
* * * LOW HITPOINT WARNING * * *
You see here a large rock.
The stone giant throws a large rock.
The large rock hits you.
* * * LOW HITPOINT WARNING * * *
You see here a large rock.
The stone giant throws a large rock.
The large rock hits you!
* * * LOW HITPOINT WARNING * * *
There is an open door, spattered with blood here.
You see here a large rock.
The stone giant throws a large rock.
The large rock hits you!
You die...

#...# # ####.####
.##.##.##.##.#
$............#
}##.##.##%##.# #
####)#### #####
#...# #... #
####.########.# .#
#.##.##.##.@..# ..
#.).%C.(((.##.#.#.#
#.##.##.#####<....#
####.#### ###.###
#...# .# ##### #


You could see a stone giant.

Vanquished Creatures
  An ugly thing (D:9)
  A slime creature (D:9)
  Eustachio (D:5)
  2 hippogriffs
  A wyvern (D:4)
  2 soldier ants (D:8)
  A water moccasin (D:7)
  3 orc warriors
  An ice beast (D:5)
  A phantom (D:5)
  A yellow wasp (D:8)
  4 necrophages (D:8)
  3 ogres
  2 centaurs
  2 brain worms
  2 giant frogs
  A yak zombie (D:8)
  6 scorpions
  3 wights (D:8)
  5 crimson imps
  3 orc priests
  2 hounds
  2 goliath beetles (D:8)
  A jelly (D:9)
  A giant frog skeleton (D:5)
  3 orc wizards
  A gnoll shaman (D:4)
  An iguana (D:6)
  6 worker ants
  A big kobold zombie (Ossuary)
  Ijyb (D:6)
  9 mummies
  16 gnolls
  9 adders
  A scorpion zombie (D:7)
  A shadow imp (D:7)
  2 orc skeletons
  A giant mite (D:9)
  A goliath beetle zombie (D:5)
  A worm (D:2)
  2 iguana skeletons
  5 giant geckos
  An ooze (D:4)
  38 orcs
  2 ball pythons
  A bat skeleton (D:5)
  3 giant cockroaches
  9 goblins
  14 hobgoblins
  9 jackals
  12 bats
  5 giant newts
  2 hobgoblin zombies (Ossuary)
  12 kobolds
  2 kobold zombies (Ossuary)
  3 orc zombies (Ossuary)
  21 rats
  5 rat zombies
  2 ballistomycetes (D:6)
254 creatures vanquished.

Vanquished Creatures (others)
  2 giant spores
  2 plants (D:9)
4 creatures vanquished.

Grand Total: 258 creatures vanquished

Notes
Turn   | Place    | Note
--------------------------------------------------------------
     0 | D:1      | Kold, the Minotaur Fighter, began the quest for the Orb.
     0 | D:1      | Reached XP level 1. HP: 19/19 MP: 1/1
   175 | D:1      | Reached XP level 2. HP: 27/27 MP: 1/1
   617 | D:2      | Reached XP level 3. HP: 30/33 MP: 2/2
   638 | D:2      | Reached skill level 4 in Axes
   762 | D:2      | Reached XP level 4. HP: 40/40 MP: 2/2
   819 | D:2      | Reached skill level 5 in Axes
  1189 | D:2      | Found an ancient bone altar of Kikubaaqudgha.
  1271 | D:3      | Reached skill level 6 in Axes
  1271 | D:3      | Reached XP level 5. HP: 41/46 MP: 2/2
  1829 | D:3      | Found a bloodstained altar of Trog.
  1996 | D:4      | Reached skill level 7 in Axes
  2010 | D:3      | Gained mutation: Your spells are a little easier to cast, but a little less powerful. [potion of mutation]
  2010 | D:3      | Gained mutation: You have large cloven feet. [potion of mutation]
  2010 | D:3      | Gained mutation: You are weak. (Str -2) [potion of mutation]
  2013 | D:3      | Gained mutation: You are resistant to hostile enchantments. [potion of mutation]
  2013 | D:3      | Gained mutation: Your body is slowly deteriorating. [potion of mutation]
  2013 | D:3      | Gained mutation: You are resistant to electric shocks. [potion of mutation]
  2024 | D:4      | Noticed a wyvern
  2026 | D:4      | Reached XP level 6. HP: 40/52 MP: 3/3
  2037 | D:4      | Killed a wyvern
  2037 | D:4      | Reached skill level 8 in Axes
  2308 | D:4      | Reached skill level 9 in Axes
  2308 | D:4      | Reached XP level 7. HP: 41/58 MP: 3/3
  2628 | D:4      | Gained mutation: You are highly resistant to hostile enchantments. [potion of mutation]
  2628 | D:4      | Gained mutation: You have a somewhat thin skeletal structure (Dex +2, Stealth). [potion of mutation]
  2739 | D:5      | Entered Level 5 of the Dungeon
  2752 | D:5      | Found a staircase to the Ecumenical Temple.
  2757 | Temple   | Entered the Ecumenical Temple
  2880 | D:5      | Found a burning altar of Makhleb.
  2992 | D:5      | Reached skill level 10 in Axes
  3077 | D:5      | Noticed Eustachio
  3089 | D:5      | Killed Eustachio
  3125 | D:5      | Found a sand-covered staircase.
  3266 | Ossuary  | Entered an ossuary
  3297 | Ossuary  | Reached skill level 11 in Axes
  3300 | Ossuary  | Reached XP level 8. HP: 66/66 MP: 3/3
  4027 | D:5      | Reached skill level 12 in Axes
  4175 | D:5      | Found an iron altar of Okawaru.
  4232 | D:5      | Found a stormy altar of Qazlal.
  4371 | D:6      | Reached skill level 5 in Fighting
  4436 | D:6      | Found a sacrificial altar of Ru.
  4443 | D:6      | Became a worshipper of Ru the Awakened
  4630 | D:6      | Reached skill level 5 in Armour
  4922 | D:6      | Found a glowing golden altar of the Shining One.
  5017 | D:6      | Noticed Ijyb
  5030 | D:6      | Killed Ijyb
  5314 | D:7      | Reached XP level 9. HP: 61/75 MP: 4/4
  5341 | D:7      | Found a deep blue altar of Sif Muna.
  5361 | D:7      | Found an opulent altar of Gozag.
  5491 | D:7      | Gained mutation: Your body is deteriorating. [potion of mutation]
  5491 | D:7      | Gained mutation: Your vision is a little blurry. [potion of mutation]
  5691 | D:8      | Gained mutation: You are hated by all. [Ru sacrifice]
  5691 | D:8      | Acquired Ru's first power
  5903 | D:8      | Found a snail-covered altar of Cheibriados.
  6383 | D:8      | Found a shimmering altar of Xom.
  6386 | D:8      | Found a blossoming altar of Fedhas.
  6389 | D:8      | Found a radiant altar of Vehumet.
  7173 | D:8      | Reached XP level 10. HP: 89/91 MP: 4/4
  7412 | D:9      | Got an ancient hand axe
  7417 | D:9      | Identified the +10 hand axe of Tartarus {chop, rF+ Int+3} (You found it on level 9 of the Dungeon)
  7430 | D:9      | Noticed a cyan ugly thing
  7432 | D:9      | Noticed a frost giant
  7454 | D:9      | Killed a cyan ugly thing
  7454 | D:9      | Reached skill level 10 in Fighting
  7454 | D:9      | Reached skill level 10 in Armour
  7479 | D:9      | Noticed a stone giant
  7487 | D:9      | HP: 2/93 [stone giant/ large rock (15)]
  7489 | D:9      | Hit by a large rock thrown by a stone giant

Action                   |  1- 3 |  4- 6 |  7- 9 | 10-12 || total
-------------------------+-------+-------+-------+-------++-------
Melee: War axe           |    73 |    56 |       |       ||   129
       Hand axe          |       |    59 |   403 |    32 ||   494
Invok: Sacrifice Love    |       |       |     1 |       ||     1
  Use: Potion            |       |     6 |    11 |       ||    17
       Scroll            |       |       |     7 |     1 ||     8
 Stab: Invisible         |       |     8 |       |       ||     8
  Eat: Chunk             |       |     5 |    13 |     2 ||    20
       Pizza             |       |       |     1 |       ||     1
